| TOP OF THE 1ST |
|
Houston Colt .45's batting - Pitching for Joplin Blasters : LHP Ben Mills
|
|
Pitching: LHP Ben Mills
|
|
|
Batting: LHB Bruce Arvizu
|
0-0: Swinging Strike 0-1: Called Strike 0-2: Strikes out swinging, 2-3 out at first.
|
|
Batting: RHB Jason Monico
|
0-0: Foul Ball, location: 2F 0-1: Ball 1-1: Ball 2-1: Swinging Strike 2-2: Ball 3-2: Base on Balls
|
|
Batting: RHB Daniel Pena
|
0-0: Called Strike 0-1: Ball 1-1: Ball 2-1: Called Strike Jason Monico steals 2nd base (no throw) 2-2: Foul Ball, location: 2F 2-2: SINGLE (Groundball, 13, EV 87.5 MPH) (infield hit) Jason Monico to third
|
|
Batting: LHB Bob Govella
|
0-0: Foul Ball, location: 2F 0-1: Foul Ball, location: 2F 0-2: Ball 1-2: Foul Ball, location: 2F 1-2: Fly out, F6 (Popup, 6, EV 48.8 MPH)
|
|
Pitching: RHP Paul Gibbens
|
|
|
Batting: RHB Jarno van Lente
|
0-0: Called Strike 0-1: Foul Ball, location: 2F 0-2: Ball 1-2: Ball 2-2: Ball 3-2: Base on Balls Daniel Pena to second
|
|
Batting: RHB John Moore
|
0-0: Called Strike 0-1: Hit by Pitch Jason Monico scores Daniel Pena to third Jarno van Lente to second
|
|
Batting: SHB Terciero Ortiz
|
0-0: Called Strike 0-1: SINGLE (Line Drive, 8LS, EV 98.8 MPH) Daniel Pena scores Jarno van Lente to third John Moore to second
|
|
Batting: RHB Patrick Pinault
|
0-0: Called Strike 0-1: Ball 1-1: Ball 2-1: Ball 3-1: Base on Balls Jarno van Lente scores John Moore to third Terciero Ortiz to second
|
|
Batting: LHB Ryan Fridley
|
0-0: Ball 1-0: Ground out 4-3 (Groundball, 4D, EV 103.1 MPH)
|
| Top of the 1st over - 3 runs, 2 hits, 0 errors, 3 left on base; Houston 3 - Joplin 0 |
| BOTTOM OF THE 1ST |
|
Joplin Blasters batting - Pitching for Houston Colt .45's : LHP Joey Callanta
|
|
Pitching: LHP Joey Callanta
|
|
|
Batting: RHB Kazuki Arai
|
0-0: Called Strike 0-1: Ball 1-1: Ball 2-1: Fly out, F7 (Flyball, 7D, EV 103.8 MPH)
|
|
Batting: RHB Mike Bearden
|
0-0: Called Strike 0-1: Ball 1-1: Ball 2-1: Foul Ball, location: 2F 2-2: Foul Ball, location: 2F 2-2: Strikes out swinging
|
|
Batting: RHB Mike Valdez
|
0-0: Ball 1-0: Foul Ball, location: 2F 1-1: Ball 2-1: Called Strike 2-2: Ball 3-2: Base on Balls
|
|
Batting: LHB Jim Haggart
|
0-0: Foul Ball, location: 2F 0-1: Foul Ball, location: 2F 0-2: Ball Passed Ball! Mike Valdez to second 1-2: Ball 2-2: Strikes out swinging
|
| Bottom of the 1st over - 0 runs, 0 hits, 0 errors, 1 left on base; Houston 3 - Joplin 0 |
| TOP OF THE 2ND |
|
Houston Colt .45's batting - Pitching for Joplin Blasters : RHP Paul Gibbens
|
|
Batting: LHB Bruce Arvizu
|
0-0: Called Strike 0-1: Ball 1-1: Called Strike 1-2: Foul Ball, location: 2F 1-2: Ball 2-2: Ball 3-2: Base on Balls
|
|
Pitching: RHP Joey Ferguson
|
|
|
Batting: RHB Jason Monico
|
0-0: Fly out, F7 (Flyball, 7, EV 79.4 MPH)
|
|
Batting: RHB Daniel Pena
|
0-0: Called Strike 0-1: Called Strike 0-2: Ball 1-2: Foul Ball, location: 2F 1-2: Strikes out swinging
|
|
Batting: LHB Bob Govella
|
0-0: Ball Wild Pitch! Bruce Arvizu to second 1-0: Ball 2-0: Swinging Strike 2-1: Ball 3-1: Base on Balls
|
|
Batting: RHB Jarno van Lente
|
0-0: Foul Ball, location: 2F 0-1: Swinging Strike 0-2: Reached on error, E4 (Groundball, 4, EV 103.8 MPH) Bruce Arvizu to third Bob Govella to second
|
|
Batting: RHB John Moore
|
0-0: Called Strike 0-1: Foul Ball, location: 2F 0-2: Foul Ball, location: 2F 0-2: SINGLE (Groundball, 6MD, EV 102.5 MPH) Bruce Arvizu scores Bob Govella to third Jarno van Lente to second Runner from 3rd tries for Home, SAFE, throw by CF to home
|
|
Pitching: RHP Omar Flores
|
|
|
Batting: SHB Terciero Ortiz
|
0-0: Foul Ball, location: 2F 0-1: Ball 1-1: Ball 2-1: Ball 3-1: Base on Balls Jarno van Lente to third John Moore to second
|
|
Batting: RHB Patrick Pinault
|
0-0: Called Strike 0-1: Swinging Strike 0-2: Strikes out looking
|
| Top of the 2nd over - 2 runs, 1 hit, 1 error, 3 left on base; Houston 5 - Joplin 0 |
| BOTTOM OF THE 2ND |
|
Joplin Blasters batting - Pitching for Houston Colt .45's : LHP Joey Callanta
|
|
Batting: RHB Victor Maravilla
|
0-0: Foul Ball, location: 2F 0-1: Foul Ball, location: 2F 0-2: Ball 1-2: Strikes out swinging
|
|
Batting: RHB Brian Hunt
|
0-0: Ball 1-0: Ball 2-0: Called Strike 2-1: Swinging Strike 2-2: Ball 3-2: Strikes out looking
|
|
Batting: RHB Itsuki Eguchi
|
0-0: Called Strike 0-1: Foul Ball, location: 2F 0-2: Ball 1-2: Foul Ball, location: 2F 1-2: Strikes out swinging
|
| Bottom of the 2nd over - 0 runs, 0 hits, 0 errors, 0 left on base; Houston 5 - Joplin 0 |
| TOP OF THE 3RD |
|
Houston Colt .45's batting - Pitching for Joplin Blasters : RHP Omar Flores
|
|
Batting: LHB Ryan Fridley
|
0-0: Ball 1-0: Called Strike 1-1: SINGLE (Groundball, 4D, EV 103.1 MPH)
|
|
Batting: LHB Bruce Arvizu
|
0-0: Ball Wild Pitch! Ryan Fridley to second 1-0: Called Strike 1-1: Ball Passed Ball! Ryan Fridley to third 2-1: SINGLE (Groundball, 4D, EV 100.0 MPH) Ryan Fridley scores
|
|
Batting: RHB Jason Monico
|
0-0: Foul Ball, location: 2F 0-1: Swinging Strike 0-2: Ball 1-2: Strikes out swinging
|
|
Pitching: RHP Oscar Cisneros
|
|
|
Batting: RHB Daniel Pena
|
0-0: Ball 1-0: SINGLE (Groundball, 6MD, EV 109.4 MPH) Bruce Arvizu to second Runner from 2nd tries for 3rd, OUT! 8-5 Daniel Pena to second
|
|
Batting: LHB Bob Govella
|
0-0: Ball 1-0: Ball Passed Ball! Daniel Pena to third 2-0: Called Strike 2-1: Ball Passed Ball! Daniel Pena scores 3-1: Base on Balls
|
|
Batting: RHB Jarno van Lente
|
0-0: Foul Ball, location: 2F 0-1: Ball 1-1: Foul Ball, location: 2F 1-2: SINGLE (Flyball, 4MD, EV 91.2 MPH) Bob Govella to second
|
|
Batting: RHB John Moore
|
0-0: Reached on error, E4 (Groundball, 4, EV 83.8 MPH) Bob Govella scores Jarno van Lente to third
|
|
Batting: SHB Terciero Ortiz
|
0-0: Ball 1-0: Foul Ball, location: 2F 1-1: Ground out 3-1 (Groundball, 34, EV 78.1 MPH)
|
| Top of the 3rd over - 3 runs, 4 hits, 1 error, 2 left on base; Houston 8 - Joplin 0 |
| BOTTOM OF THE 3RD |
|
Joplin Blasters batting - Pitching for Houston Colt .45's : LHP Joey Callanta
|
|
Batting: RHB Bobby Leon
|
0-0: Ball 1-0: Called Strike 1-1: Foul Ball, location: 2F 1-2: Ball 2-2: Ball 3-2: Base on Balls
|
|
Batting: RHB Carlos Castillo
|
0-0: Called Strike 0-1: Ball 1-1: Ball 2-1: Foul Ball, location: 2F 2-2: Grounds into double play, 6-4-3 (Groundball, 6, EV 100.0 MPH)
|
|
Batting: RHB Kazuki Arai
|
0-0: Swinging Strike 0-1: Foul Ball, location: 2F 0-2: Ball 1-2: SINGLE (Line Drive, 5D, EV 98.1 MPH)
|
|
Batting: RHB Mike Bearden
|
0-0: Fly out, F8 (Line Drive, 8LM, EV 106.9 MPH)
|
| Bottom of the 3rd over - 0 runs, 1 hit, 0 errors, 1 left on base; Houston 8 - Joplin 0 |
| TOP OF THE 4TH |
|
Houston Colt .45's batting - Pitching for Joplin Blasters : RHP Oscar Cisneros
|
|
Batting: RHB Patrick Pinault
|
0-0: Called Strike 0-1: Foul Ball, location: 2F 0-2: Ball 1-2: Foul Ball, location: 2F 1-2: Ball 2-2: Foul Ball, location: 2F 2-2: Foul Ball, location: 2F 2-2: Foul Ball, location: 2F 2-2: Ball 3-2: Base on Balls
|
|
Pitching: LHP Tristan Irwin
|
|
|
Batting: LHB Ryan Fridley
|
0-0: Foul Ball, location: 2F 0-1: Called Strike 0-2: Foul Ball, location: 2F 0-2: Ball 1-2: Strikes out swinging
|
|
Batting: LHB Bruce Arvizu
|
0-0: Ball 1-0: Ball 2-0: Foul Ball, location: 2F 2-1: Foul Ball, location: 2F 2-2: Strikes out swinging
|
|
Batting: RHB Jason Monico
|
0-0: Ball 1-0: Ball 2-0: Called Strike 2-1: Called Strike 2-2: Ball 3-2: Strikes out looking
|
| Top of the 4th over - 0 runs, 0 hits, 0 errors, 1 left on base; Houston 8 - Joplin 0 |
| BOTTOM OF THE 4TH |
|
Joplin Blasters batting - Pitching for Houston Colt .45's : LHP Joey Callanta
|
|
Batting: RHB Mike Valdez
|
0-0: Called Strike 0-1: Swinging Strike 0-2: Strikes out swinging
|
|
Batting: LHB Jim Haggart
|
0-0: Ball 1-0: Ball 2-0: Called Strike 2-1: Foul Ball, location: 2F 2-2: Foul Ball, location: 2F 2-2: Strikes out swinging
|
|
Batting: RHB Victor Maravilla
|
0-0: SINGLE (Groundball, 56D, EV 96.9 MPH)
|
|
Batting: RHB Brian Hunt
|
0-0: Ball 1-0: Foul Ball, location: 2F 1-1: Ball 2-1: Swinging Strike 2-2: Strikes out swinging
|
| Bottom of the 4th over - 0 runs, 1 hit, 0 errors, 1 left on base; Houston 8 - Joplin 0 |
| TOP OF THE 5TH |
|
Houston Colt .45's batting - Pitching for Joplin Blasters : LHP Tristan Irwin
|
|
Batting: RHB Daniel Pena
|
0-0: Ball 1-0: Ball 2-0: Swinging Strike 2-1: Ball 3-1: Base on Balls
|
|
Pitching: RHP Jerry Yusko
|
|
|
Batting: LHB Bob Govella
|
0-0: Called Strike 0-1: Called Strike 0-2: Foul Ball, location: 2F 0-2: Strikes out swinging
|
|
Batting: RHB Jarno van Lente
|
0-0: Ball Wild Pitch! Daniel Pena to second 1-0: Called Strike 1-1: Called Strike 1-2: Foul Ball, location: 2F 1-2: Fly out, F9 (Flyball, 89M, EV 79.4 MPH)
|
|
Batting: RHB John Moore
|
0-0: Called Strike 0-1: Called Strike 0-2: Strikes out swinging
|
| Top of the 5th over - 0 runs, 0 hits, 0 errors, 1 left on base; Houston 8 - Joplin 0 |
| BOTTOM OF THE 5TH |
|
Joplin Blasters batting - Pitching for Houston Colt .45's : LHP Joey Callanta
|
|
Batting: RHB Itsuki Eguchi
|
0-0: Called Strike 0-1: Called Strike 0-2: Strikes out looking
|
|
Batting: RHB Bobby Leon
|
0-0: Foul Ball, location: 2F 0-1: Ground out 4-3 (Groundball, 6MD, EV 85.0 MPH)
|
|
Batting: RHB Carlos Castillo
|
0-0: Ball 1-0: Ground out 5-3 (Groundball, 56, EV 103.1 MPH)
|
| Bottom of the 5th over - 0 runs, 0 hits, 0 errors, 0 left on base; Houston 8 - Joplin 0 |
| TOP OF THE 6TH |
|
Houston Colt .45's batting - Pitching for Joplin Blasters : RHP Jerry Yusko
|
|
Batting: SHB Terciero Ortiz
|
0-0: Ball 1-0: Called Strike 1-1: Ball 2-1: Foul Ball, location: 2F 2-2: Strikes out swinging
|
|
Batting: RHB Patrick Pinault
|
0-0: Ball 1-0: Fly out, F7 (Flyball, 7S, EV 81.2 MPH)
|
|
Pitching: LHP Bin Ya
|
|
|
Batting: LHB Ryan Fridley
|
0-0: Foul Ball, location: 2F 0-1: Ball 1-1: SINGLE (Groundball, 6MD, EV 96.9 MPH)
|
|
Batting: LHB Bruce Arvizu
|
0-0: Foul Ball, location: 2F 0-1: Called Strike 0-2: Strikes out swinging
|
| Top of the 6th over - 0 runs, 1 hit, 0 errors, 1 left on base; Houston 8 - Joplin 0 |
| BOTTOM OF THE 6TH |
|
Joplin Blasters batting - Pitching for Houston Colt .45's : LHP Joey Callanta
|
|
Batting: RHB Kazuki Arai
|
0-0: Foul Ball, location: 2F 0-1: Foul Ball, location: 2F 0-2: Strikes out looking
|
|
Batting: RHB Mike Bearden
|
0-0: Ball 1-0: Ball 2-0: Ball 3-0: Called Strike 3-1: Base on Balls
|
|
Batting: RHB Mike Valdez
|
0-0: Called Strike 0-1: Called Strike 0-2: Foul Ball, location: 2F 0-2: Ball 1-2: Fly out, F1 (Popup, P, EV 81.9 MPH)
|
|
Batting: LHB Jim Haggart
|
0-0: Ball 1-0: Ball 2-0: Called Strike 2-1: Foul Ball, location: 2F 2-2: Ball 3-2: Strikes out swinging
|
| Bottom of the 6th over - 0 runs, 0 hits, 0 errors, 1 left on base; Houston 8 - Joplin 0 |
| TOP OF THE 7TH |
|
Houston Colt .45's batting - Pitching for Joplin Blasters : LHP Bin Ya
|
|
Batting: RHB Jason Monico
|
0-0: Foul Ball, location: 2F 0-1: Ball 1-1: Ground out 6-3 (Groundball, 6, EV 91.2 MPH)
|
|
Batting: RHB Daniel Pena
|
0-0: Swinging Strike 0-1: SINGLE (Line Drive, 4D, EV 103.8 MPH)
|
|
Batting: LHB Bob Govella
|
0-0: Swinging Strike 0-1: Ball 1-1: Called Strike 1-2: Strikes out swinging
|
|
Batting: RHB Jarno van Lente
|
0-0: Ball 1-0: Foul Ball, location: 2F 1-1: Foul Ball, location: 2F 1-2: Foul Ball, location: 2F 1-2: Strikes out looking
|
| Top of the 7th over - 0 runs, 1 hit, 0 errors, 1 left on base; Houston 8 - Joplin 0 |
| BOTTOM OF THE 7TH |
|
Joplin Blasters batting - Pitching for Houston Colt .45's : LHP Joey Callanta
|
|
Batting: RHB Victor Maravilla
|
0-0: Ball 1-0: Ball 2-0: Called Strike 2-1: Swinging Strike 2-2: Ball 3-2: Foul Ball, location: 2F 3-2: Base on Balls
|
|
Batting: RHB Brian Hunt
|
0-0: Sac Bunt to 13 - play at first, batter OUT! 1-3 Victor Maravilla to second
|
|
Batting: RHB Itsuki Eguchi
|
0-0: Called Strike 0-1: Swinging Strike 0-2: Strikes out swinging
|
|
Batting: RHB Bobby Leon
|
0-0: Foul Ball, location: 2F 0-1: Fly out, F7 (Flyball, 78S, EV 91.2 MPH)
|
| Bottom of the 7th over - 0 runs, 0 hits, 0 errors, 1 left on base; Houston 8 - Joplin 0 |
| TOP OF THE 8TH |
|
Houston Colt .45's batting - Pitching for Joplin Blasters : LHP Bin Ya
|
|
Batting: RHB John Moore
|
0-0: Called Strike 0-1: Fly out, F7 (Flyball, 78D, EV 99.4 MPH)
|
|
Batting: SHB Terciero Ortiz
|
0-0: Ball 1-0: Called Strike 1-1: Foul Ball, location: 2F 1-2: Strikes out swinging
|
|
Batting: RHB Patrick Pinault
|
0-0: Foul Ball, location: 2F 0-1: Foul Ball, location: 2F 0-2: Foul Ball, location: 2F 0-2: Ball 1-2: Foul Ball, location: 2F 1-2: Strikes out swinging
|
| Top of the 8th over - 0 runs, 0 hits, 0 errors, 0 left on base; Houston 8 - Joplin 0 |
| BOTTOM OF THE 8TH |
|
Joplin Blasters batting - Pitching for Houston Colt .45's : LHP Joey Callanta
|
|
Batting: RHB Carlos Castillo
|
0-0: Foul Ball, location: 2F 0-1: Swinging Strike 0-2: Strikes out looking
|
|
Batting: RHB Kazuki Arai
|
0-0: Fly out, F9 (Line Drive, 9D, EV 100.6 MPH)
|
|
Batting: RHB Mike Bearden
|
0-0: Called Strike 0-1: Swinging Strike 0-2: Ball 1-2: Ball 2-2: Ball 3-2: Base on Balls
|
|
Pitching: RHP Hector Carrillo
|
|
|
Batting: RHB Mike Valdez
|
0-0: Called Strike 0-1: Swinging Strike 0-2: Ball Wild Pitch! Mike Bearden to second 1-2: Strikes out swinging
|
| Bottom of the 8th over - 0 runs, 0 hits, 0 errors, 1 left on base; Houston 8 - Joplin 0 |
| TOP OF THE 9TH |
|
Houston Colt .45's batting - Pitching for Joplin Blasters : LHP Bin Ya
|
|
Batting: LHB Ryan Fridley
|
0-0: Ball 1-0: Swinging Strike 1-1: Ball 2-1: Fly out, F9 (Line Drive, 89M, EV 98.8 MPH)
|
|
Batting: LHB Bruce Arvizu
|
0-0: Called Strike 0-1: Ball 1-1: Swinging Strike 1-2: Foul Ball, location: 2F 1-2: Ball 2-2: Ball 3-2: Base on Balls
|
|
Batting: RHB Jason Monico
|
0-0: Called Strike 0-1: Foul Ball, location: 2F 0-2: Foul Ball, location: 2F 0-2: Ball Passed Ball! Bruce Arvizu to second 1-2: Foul Ball, location: 2F 1-2: Foul Ball, location: 2F 1-2: 2-RUN HOME RUN (Flyball, 7D, EV 98.1 MPH), Distance : 376 ft
|
|
Batting: RHB Daniel Pena
|
0-0: Foul Ball, location: 2F 0-1: Swinging Strike 0-2: Ball 1-2: Ball 2-2: Foul Ball, location: 2F 2-2: Ball 3-2: DOUBLE (Line Drive, 9LS, EV 91.2 MPH)
|
|
Batting: LHB Bob Govella
|
0-0: Foul Ball, location: 2F 0-1: Ball 1-1: Ball 2-1: Foul Ball, location: 2F 2-2: Ball 3-2: Foul Ball, location: 2F 3-2: Strikes out looking
|
|
Batting: RHB Jarno van Lente
|
0-0: Called Strike 0-1: Swinging Strike Passed Ball! Daniel Pena to third 0-2: Strikes out swinging
|
| Top of the 9th over - 2 runs, 2 hits, 0 errors, 1 left on base; Houston 10 - Joplin 0 |
| BOTTOM OF THE 9TH |
|
Joplin Blasters batting - Pitching for Houston Colt .45's : RHP Hector Carrillo
|
|
Batting: LHB Jim Haggart
|
0-0: Called Strike 0-1: Ball 1-1: Ball 2-1: Foul Ball, location: 2F 2-2: Ground out 6-3 (Groundball, 6M, EV 80.0 MPH)
|
|
Batting: RHB Victor Maravilla
|
0-0: Called Strike 0-1: Foul Ball, location: 2F 0-2: Strikes out looking
|
|
Batting: RHB Brian Hunt
|
0-0: Called Strike 0-1: Ball 1-1: Called Strike 1-2: Ball 2-2: Ball 3-2: Foul Ball, location: 2F 3-2: Base on Balls
|
|
Batting: RHB Itsuki Eguchi
|
0-0: Ball 1-0: Ball 2-0: Foul Ball, location: 2F 2-1: Fielders Choice at 2nd, 5-4 (Groundball, 56, EV 78.8 MPH)
|
| Bottom of the 9th over - 0 runs, 0 hits, 0 errors, 1 left on base; Houston 10 - Joplin 0 |
|